 Dungeon Crawl Stone Soup version 0.23.0 (webtiles) character file.

Game seed: 600035173587385195

144022 Monsterracer the Unseen (level 16, -16/84 HPs)
             Began as a Spriggan Enchanter on Feb 13, 2019.
             Was the Champion of Dithmenos.
             Shot with a bolt by a yaktaur (30 damage)
             ... on level 3 of the Depths on Feb 14, 2019.
             The game lasted 01:43:29 (26326 turns).

Monsterracer the Unseen (Spriggan Enchanter)       Turns: 26326, Time: 01:43:30

Health: -16/84     AC:  9    Str:  4    XL:     16   Next: 20%
Magic:  29/29      EV: 31    Int: 19    God:    Dithmenos [******]
Gold:   614        SH:  9    Dex: 21    Spells: 13/31 levels left

rFire    + . .     SeeInvis +   a - +5 dagger (elec)
rCold    + . .     Gourm    .   H - +1 buckler "Senaf" {SInv}
rNeg     . . .     Faith    .   u - +2 robe {Archmagi}
rPois    .         Spirit   .   i - +2 hat
rElec    .         Reflect  .   M - +2 cloak
rCorr    .         Harm     .   (gloves unavailable)
MR       ++...                  (boots unavailable)
Stlth    ++++++++++             v - amulet of magic regeneration
HPRegen  0.24/turn              F - ring of protection from fire {!d}
MPRegen  0.46/turn              V - +2 ring of dexterity

@: wreathed by umbra, lightly drained, very quick
A: very small, unfitting armour, talons 1, camouflage 1, see invisible, clumsy
1, cold resistance 1, herbivore, speed 3, slow metabolism 2
}: 2/15 runes: decaying, gossamer
a: Shadow Step, Shadow Form, Renounce Religion


You were on level 3 of the Depths.
You worshipped Dithmenos.
Dithmenos was exalted by your worship.
You were not hungry.

You visited 6 branches of the dungeon, and saw 36 of its levels.
You also visited: Sewer and Volcano.

You collected 2153 gold pieces.
You spent 1539 gold pieces at shops.

Inventory:

Hand Weapons
 a - a +5 dagger of electrocution (weapon)
 b - the +7 dagger "Osem" {pierce, Str+9 Dex+4}
   (You found it on level 15 of the Dungeon)

   It inflicts extra damage upon your enemies.
   It affects your strength (+9).
   It affects your dexterity (+4).
 q - a +9 dagger of venom
Missiles
 z - 5 throwing nets (quivered) {!f}
Armour
 i - a +2 hat (worn)
 u - a +2 robe of the Archmagi (worn)
 H - the +1 buckler "Senaf" (worn) {SInv}
   (You acquired it on level 9 of the Dungeon)

   It lets you see invisible.
 M - a +2 cloak (worn)
 W - a +2 robe of fire resistance
Jewellery
 n - an uncursed ring of flight
 v - an amulet of magic regeneration (around neck)
 y - an uncursed ring of fire
 F - a ring of protection from fire (left hand) {!d}
 K - an uncursed ring of ice
 O - an uncursed ring of ice
 P - an uncursed ring of poison resistance {!d}
 V - a +2 ring of dexterity (right hand)
Wands
 j - a wand of flame (34)
 C - a wand of acid (31)
 D - a wand of polymorph (15)
 S - a wand of paralysis (16)
 U - a wand of iceblast (6)
Scrolls
 f - 5 scrolls of identify
 h - 5 scrolls of amnesia
 m - a scroll of magic mapping
 r - 3 scrolls of remove curse
 s - 3 scrolls of summoning {!r}
 t - 8 scrolls of teleportation {!r}
 B - a scroll of fog
 N - 3 scrolls of noise
 R - a scroll of brand weapon
 X - a scroll of blinking
 Y - a scroll of fear {!r}
Potions
 d - 8 potions of heal wounds
 e - 4 potions of curing
 g - 4 potions of mutation {!q}
 k - 3 potions of lignification
 o - 5 potions of haste
 p - 5 potions of magic
 x - 6 potions of brilliance
 A - 4 potions of might
 E - 4 potions of invisibility
 G - 4 potions of flight
 I - a potion of agility
 Q - 4 potions of ambrosia {!q}
Miscellaneous
 l - a phial of floods (inert)
 J - a box of beasts
 L - a crystal ball of energy
 T - a fan of gales (inert)
Comestibles
 c - 26 rations


   Skills:
 + Level 9.1(8.4) Fighting
 - Level 10.0(9.4) Short Blades
 + Level 13.5(12.8) Dodging
 * Level 19.7(18.9) Stealth
 - Level 7.2(6.6) Shields
 - Level 8.1(7.5) Spellcasting
 - Level 11.0(10.3) Hexes
 - Level 4.0(3.4) Charms
 - Level 6.0(5.4) Translocations
 - Level 13.0(12.3) Invocations
 - Level 6.3(5.7) Evocations


You had 13 spell levels left.
You knew the following spells:

 Your Spells              Type           Power        Failure   Level  Hunger
a - Confusing Touch       Hex            ######       1%          1    None
b - Ensorcelled Hibernat  Hex/Ice        #####.       1%          2    None
c - Confuse               Hex            ######..     1%          3    #......
d - Tukima's Dance        Hex            ######..     1%          3    #......
e - Blink                 Tloc           N/A          1%          2    None
f - Dazzling Spray        Conj/Hex       #####.       3%          3    #......
j - Regeneration          Chrm/Necr      ###.......   14%         3    #......
z - Apportation           Tloc           #####.       1%          1    None

Your spell library contained the following spells:

 Spells                   Type           Power        Failure   Level  Hunger
 Corona                   Hex            ######.      1%          1    None
 Slow                     Hex            ######..     1%          2    None
 Animate Skeleton         Necr           N/A          10%         1    None
 Beastly Appendage        Tmut           ##....       10%         1    None
 Magic Dart               Conj           ##..         10%         1    None
 Pain                     Necr           ##..         10%         1    None
 Summon Small Mammal      Summ           ##..         10%         1    None
 Call Imp                 Summ           ##......     16%         2    None
 Sticks to Snakes         Tmut           ##......     16%         2    None
 Conjure Flame            Conj/Fire      ##......     30%         3    #......
 Mephitic Cloud           Conj/Pois/Air  ##......     30%         3    #......
 Spider Form              Tmut/Pois      ##........   30%         3    #......
 Vampiric Draining        Necr           ##........   30%         3    #......
 Animate Dead             Necr           N/A          69%         4    ###....
 Ice Form                 Ice/Tmut       ##......     69%         4    ###....
 Blade Hands              Tmut           ##........   95%         5    #####..


Dungeon Overview and Level Annotations

Branches:
Dungeon (15/15)            Temple (0/1) D:7            Lair (6/6) D:11
  Swamp (4/4) Lair:2       Spider (4/4) Lair:4          Orc (2/2) D:10
 Depths (5/5) D:15
  Slime: Lair:5-6       Elf: Orc:2       Vaults: D:13-14        Zot: Depths:5

Altars:
Ashenzari
Cheibriados
Dithmenos
Elyvilon
Kikubaaqudgha
Makhleb
Qazlal
Ru
Trog
Uskayaw
Wu Jian
Xom
Yredelemnul
Beogh

Shops:
D:8 %   D:15 ?[[}   Orc:2 (   Depths:5 ?

Portals:
Pandemonium: Depths:5
Ziggurat: Depths:5

Annotations:
D:11 Josephine
Lair:1 exclusion: 3 oklob plants
Swamp:1 exclusion: Roxanne, Roxanne
Spider:2 Asterion
Orc:2 Rupert, Urug
Depths:4 exclusion: downstairs


Innate Abilities, Weirdness & Mutations

You are very small and have problems with some larger weapons.
You are too small for most types of armour.
You have supernaturally acute eyesight. (SInv)
You are a herbivore.
You cover ground extremely quickly.
You need to consume almost no food.
You have sharp toenails.
Your skin changes colour to match your surroundings (Stealth+).
You are clumsy. (Dex -2)
Your flesh is cold resistant. (rC+)


Message History

You hear a deafening roar!
You hear a shout! x3; You hear a deafening roar!
You hear a shout! x7; You hear a deafening roar!
You hear a shout!
There is a shaft here.
The purple ugly thing gurgles horribly!
The fire dragon is sucked into a shaft!
The shaft crumbles and collapses.
The purple ugly thing basks in the mutagenic energy from its kin and changes!
You hear a grinding noise.
The green very ugly thing basks in the mutagenic energy from its kin and changes!
The green very ugly thing falls through a shaft!
The shaft crumbles and collapses.
There is a shaft here.
The green very ugly thing falls through a shaft!
The shaft crumbles and collapses.
There is a shaft here.
The ogre mage casts a spell.
The ogre mage flickers and vanishes for a moment.
The red very ugly thing falls through a shaft!
The shaft crumbles and collapses.
The purple very ugly thing falls through a shaft!
The shaft crumbles and collapses.
The purple very ugly thing basks in the mutagenic energy from its kin and changes!
Found 14 stones.
There is a shaft here.
The brown ugly thing basks in the mutagenic energy from its kin and changes!
There is a shaft here.
You hear a grinding noise.
The green ugly thing basks in the mutagenic energy from its kin and changes!
The red ugly thing basks in the mutagenic energy from its kin and changes!
The purple very ugly thing falls through a shaft!
The shaft crumbles and collapses.
The ogre falls through a shaft!
The shaft crumbles and collapses.
The red ugly thing falls through a shaft!
The shaft crumbles and collapses.
The purple very ugly thing falls through a shaft!
The shaft crumbles and collapses.
You hear a grinding noise.
The deep troll falls through a shaft!
The shaft crumbles and collapses.
The two-headed ogre falls through a shaft!
The shaft crumbles and collapses.
You hear a grinding noise.
You block the two-headed ogre's attack. The two-headed ogre closely misses you.
The two-headed ogre completely misses you. x2
There is a shaft here.
The cyan ugly thing falls through a shaft!
The shaft crumbles and collapses.
You hear a grinding noise.
The ogre mage hits you with a +0 halberd.
* * * LOW HITPOINT WARNING * * *
You emit a cloud of dark smoke.
You feel drained.
You see here 7 needles of sleeping.
You take 1 damage, and have 29/84 hp.
Unknown command.
The two-headed ogre falls through a shaft!
The shaft crumbles and collapses.
You block the ogre mage's attack.
MP restored: 29 The deep troll earth mage falls through a shaft!
The shaft crumbles and collapses.
The white very ugly thing basks in the mutagenic energy from its kin and changes!
The ogre mage points at you and mumbles some strange words.
You are unaffected.
The purple ugly thing basks in the mutagenic energy from its kin and changes!
The green very ugly thing basks in the mutagenic energy from its kin and changes!
The white ugly thing falls through a shaft!
The shaft crumbles and collapses.
The brown very ugly thing falls through a shaft!
The shaft crumbles and collapses.
Your transformation is almost over.
You block the ogre mage's attack.
The two-headed ogre falls through a shaft!
The shaft crumbles and collapses.
You see here 7 needles of sleeping.
The ogre mage falls through a shaft!
The shaft crumbles and collapses.
The brown ugly thing falls through a shaft!
The shaft crumbles and collapses.
The deep troll earth mage misses you.
You block the deep troll earth mage's attack.
The deep troll earth mage completely misses you.
There is a shaft here.
A yaktaur comes into view.
A stone giant comes into view.
The stone giant throws a large rock.
The large rock hits you!!!
* * * LOW HITPOINT WARNING * * *
You emit a cloud of dark smoke.
You feel drained.
You see here a large rock.
You take 20 damage, and have 14/84 hp.
MASSIVE DAMAGE!!
You feel much better.
The yaktaur wields a +0 arbalest.
The yaktaur shoots a bolt.
You block the bolt.
The stone giant throws a large rock.
The large rock completely misses you.
You regained 14 hp, and now have 28/84 hp.
You emerge from the shadows.
The stone giant throws a large rock.
The large rock hits you!
* * * LOW HITPOINT WARNING * * *
You see here a large rock.
You take 15 damage, and have 13/84 hp.
Unknown command.
There is a shaft here.
The sentinel's mark upon you fades away.
The yaktaur shoots a bolt.
The bolt hits you!!
You die...

.##.# .....# ##....#
#..##.# ######...# ...
###..^.....#.... #.
##.......$..#...
#.##..^............
#(#...@.....C...# #####
#c#.§§§§§.......# #...#
#.c§§§§T§.......# #.#.#
#...§§u§§.......# #.#.#
#...§§§§.§......#.#.#.#
#.^.§§§.§.........#.#.#
#.....................#
##.................<..#
#...^.................


You could see a stone giant, a deep troll earth mage and a yaktaur.

Vanquished Creatures
  Agnes (Spider:2)
  2 frost giants (Depths:5)
  8 emperor scorpions
  A very ugly thing (Depths:3)
  Nessos (D:13)
  An entropy weaver (Spider:2)
  A white draconian (Depths:5)
  A great orb of eyes (Depths:2)
  An ettin (Orc:1)
  A yaktaur captain (Depths:5)
  A rakshasa (Depths:1)
  12 hydras
  2 ghost crabs
  A spriggan air mage (Depths:3)
  A death knight (D:15)
  Erica (D:9)
  An alligator (Swamp:4)
  5 two-headed ogres
  A centaur warrior (Volcano)
  A tengu warrior (Depths:1)
  A thrashing horror (Swamp:4)
  A hell knight (Volcano)
  A spriggan druid (Swamp:4)
  A swamp dragon (Swamp:4)
  Pikel (D:5)
  A necromancer (D:15)
  16 orb spiders
  20 wolf spiders
  An orc knight (D:15)
  6 ugly things
  A cyclops (Orc:2)
  6 orc sorcerers
  A deep elf mage (D:15)
  3 manticores
  3 moths of wrath
  3 elephants (Lair:5)
  2 black mambas (Lair:4)
  A naga mage (D:15)
  12 spiny frogs
  2 gargoyles
  2 orange demons (Swamp:4)
  2 molten gargoyles (Volcano)
  2 rime drakes (Lair:3)
  5 komodo dragons
  3 demonic crawlers
  7 trolls
  2 tyrant leeches (Swamp:2)
  3 hornets
  28 jumping spiders
  Grinder (D:3)
  Prince Ribbit (Lair:2)
  A harpy skeleton (D:15)
  16 slime creatures
  4 bog bodies
  4 hippogriffs
  26 blink frogs
  28 redbacks
  2 shadows
  22 tarantellas
  A spriggan (Swamp:1)
  18 yaks
  2 basilisks (Lair:4)
  A wraith (D:14)
  A steam dragon (D:13)
  3 hungry ghosts
  12 vampire mosquitoes
  7 swamp worms
  Edmund (D:6)
  2 soldier ants
  12 water moccasins
  9 porcupines
  4 black bears
  A meliai simulacrum (D:15)
  An eye of draining (D:13)
  Purgy (Sewer)
  A slave (D:5)
  An ice beast (D:8)
  19 orc warriors
  A sky beast (D:9)
  7 ogres
  3 wolves (Lair:5)
  6 crocodiles
  11 centaurs
  A big kobold (D:10)
  21 bullfrogs
  A wyvern zombie (D:10)
  6 scorpions
  7 killer bees
  2 electric eels
  11 wights
  2 howler monkeys (D:11)
  5 crimson imps
  A bullfrog zombie (D:11)
  4 lava snakes
  2 quasits
  Crazy Yiuf (D:4)
  4 jellies
  13 orc priests
  A bullfrog skeleton (D:8)
  3 centaur zombies
  2 hounds
  8 orc wizards
  6 centaur skeletons
  A gnoll shaman (D:8)
  4 iguanas
  7 worker ants
  A hound skeleton (D:6)
  4 gnolls (D:8)
  A howler monkey skeleton (D:7)
  13 adders
  4 shadow imps
  3 oozes
  2 adder skeletons
  4 worms
  2 dart slugs
  3 leopard geckos
  53 orcs
  11 bats
  7 giant cockroaches
  3 goblins
  4 hobgoblins
  9 jackals
  13 kobolds
  4 quokkas
  2 ball pythons
  4 frilled lizards
  A leopard gecko zombie (D:6)
  A quokka zombie (D:8)
  8 rats
  A butterfly (Lair:1)
  A plant (D:11)
683 creatures vanquished.

Vanquished Creatures (collateral kills)
  A wight (D:7)
  An orc wizard (D:9)
  A gnoll (D:8)
  An orc (D:9)
4 creatures vanquished.

Vanquished Creatures (others)
  2 orb spiders (Spider:4)
  A tarantella (Spider:1)
  2 dancing weapons (D:7)
  6 fungi
  6 plants
17 creatures vanquished.

Grand Total: 704 creatures vanquished

Notes
Turn   | Place    | Note
-------+----------+-------------------------------------------
     0 | D:1      | Monsterracer the Spriggan Enchanter began the quest for the
                  | Orb.
     0 | D:1      | Reached XP level 1. HP: 9/9 MP: 5/5
   162 | D:1      | Reached XP level 2. HP: 12/13 MP: 7/7
   188 | D:1      | HP: 6/13 [rat (1)]
   189 | D:1      | Reached skill level 5 in Stealth
   200 | D:1      | Learned a level 2 spell: Ensorcelled Hibernation
   220 | D:1      | HP: 4/13 [rat (3)]
   709 | D:2      | Found an ornate altar of the Wu Jian Council.
   775 | D:2      | Reached XP level 3. HP: 12/16 MP: 0/8
   780 | D:2      | Learned a level 3 spell: Confuse
  1382 | D:2      | Reached XP level 4. HP: 21/21 MP: 10/10
  1690 | D:2      | Reached skill level 6 in Stealth
  2414 | D:3      | Found a glowing drain.
  2416 | D:3      | Noticed Grinder
  2417 | D:3      | Paralysed by Grinder for 4 turns
  2431 | D:3      | HP: 8/21 [Grinder (5)]
  2432 | D:3      | Killed Grinder
  2432 | D:3      | Reached skill level 5 in Spellcasting
  2432 | D:3      | Reached XP level 5. HP: 10/24 MP: 10/13
  2432 | D:3      | Reached XP level 6. HP: 11/28 MP: 10/14
  2452 | D:3      | HP: 12/28 [giant cockroach (1)]
  2457 | D:3      | HP: 11/28 [giant cockroach (1)]
  2463 | D:3      | HP: 7/28 [adder (3)]
  2471 | D:3      | HP: 3/28 [giant cockroach (1)]
  2472 | D:3      | HP: 1/28 [giant cockroach (2)]
  2769 | Sewer    | Entered a sewer
  2798 | Sewer    | Reached skill level 7 in Stealth
  2806 | Sewer    | HP: 14/28 [jackal (3)]
  2981 | Sewer    | Noticed Purgy
  2991 | Sewer    | Killed Purgy
  3135 | D:3      | Found a shadowy altar of Dithmenos.
  3148 | D:3      | Became a worshipper of Dithmenos the Shadowed
  3216 | D:3      | Learned a level 3 spell: Tukima's Dance
  3220 | D:3      | Learned a level 3 spell: Dazzling Spray
  3449 | D:4      | Found a runed translucent door.
  3450 | D:4      | Noticed Crazy Yiuf
  3524 | D:4      | Killed Crazy Yiuf
  3524 | D:4      | Reached XP level 7. HP: 32/32 MP: 5/16
  3594 | D:4      | Found a white marble altar of Elyvilon.
  3682 | D:4      | Reached skill level 1 in Invocations
  3719 | D:4      | Reached skill level 5 in Hexes
  3732 | D:4      | Found a basalt altar of Yredelemnul.
  3881 | D:5      | Entered Level 5 of the Dungeon
  3956 | D:5      | Reached skill level 8 in Stealth
  4783 | D:6      | Reached * piety under Dithmenos
  4783 | D:6      | Reached XP level 8. HP: 34/36 MP: 3/18
  4879 | D:6      | Reached skill level 5 in Short Blades
  4995 | D:6      | Noticed Edmund
  5000 | D:6      | Killed Edmund
  5037 | D:6      | Reached skill level 9 in Stealth
  5218 | D:6      | Reached skill level 5 in Dodging
  5366 | D:6      | Found a white marble altar of Elyvilon.
  5477 | D:6      | Noticed Pikel
  5488 | D:5      | HP: 17/36 [Pikel/+0 whip of flaming (9)]
  5512 | D:5      | Killed Pikel
  5512 | D:5      | Reached XP level 9. HP: 24/39 MP: 9/21
  5687 | D:7      | HP: 17/39 [orc priest/divine providence (12)]
  5718 | D:7      | Reached ** piety under Dithmenos
  5786 | D:7      | Reached skill level 10 in Stealth
  5827 | D:7      | Learned a level 1 spell: Confusing Touch
  5829 | D:7      | Learned a level 1 spell: Apportation
  6024 | D:7      | Reached skill level 1 in Fighting
  6124 | D:7      | HP: 17/41 [orc/+0 flail (7)]
  6220 | D:7      | Found a burning altar of Makhleb.
  6221 | D:7      | Found a stormy altar of Qazlal.
  6287 | D:7      | Found a staircase to the Ecumenical Temple.
  6330 | D:7      | Found a sacrificial altar of Ru.
  6474 | D:7      | Reached *** piety under Dithmenos
  6812 | D:8      | Reached XP level 10. HP: 38/46 MP: 10/23
  6945 | D:8      | Reached skill level 5 in Invocations
  6945 | D:8      | Reached skill level 1 in Evocations
  7103 | D:8      | Noticed a two-headed ogre
  7110 | D:8      | Killed a two-headed ogre
  7110 | D:8      | Reached skill level 11 in Stealth
  7250 | D:8      | Noticed a two-headed ogre
  7252 | D:8      | Killed a two-headed ogre
  7300 | D:8      | Found Biequr Kaig's Food Shop.
  7431 | D:8      | Reached **** piety under Dithmenos
  7903 | D:9      | Found a shimmering altar of Xom.
  7938 | D:9      | Found an ancient bone altar of Kikubaaqudgha.
  7939 | D:9      | Found a hide-covered altar of Uskayaw.
  8015 | D:9      | Identified a scroll of acquirement
  8018 | D:9      | Got a dazzling buckler
  8031 | D:9      | Identified the +1 buckler "Senaf" {SInv} (You acquired it
                  | on level 9 of the Dungeon)
  8110 | D:9      | HP: 24/48 [acid (3)]
  8175 | D:9      | Noticed Erica
  8182 | D:9      | Killed Erica
  8244 | D:9      | Found a bloodstained altar of Trog.
  8544 | D:10     | Entered Level 10 of the Dungeon
  8701 | D:10     | Noticed a gargoyle
  8708 | D:10     | Killed a gargoyle
  8873 | D:10     | Reached XP level 11. HP: 52/52 MP: 18/24
  9085 | D:10     | HP: 19/52 [black bear (11)]
  9215 | D:10     | Found a staircase to the Orcish Mines.
  9255 | D:10     | Noticed a two-headed ogre
  9265 | D:10     | Killed a two-headed ogre
  9265 | D:10     | Reached skill level 12 in Stealth
  9265 | D:10     | Reached skill level 1 in Translocations
  9265 | D:10     | Reached skill level 5 in Evocations
  9283 | D:10     | HP: 21/53 [yak (18)]
  9629 | D:10     | HP: 26/53 [poisoned by a soldier ant]
  9631 | D:10     | Reached ***** piety under Dithmenos
  9635 | D:10     | HP: 13/53 [poisoned by a soldier ant]
  9640 | D:10     | HP: 12/53 [poisoned by a soldier ant]
  9648 | D:10     | HP: 12/53 [poisoned by a soldier ant]
  9835 | Orc:1    | Entered Level 1 of the Orcish Mines
  9858 | Orc:1    | Learned a level 3 spell: Regeneration
  9895 | Orc:1    | Noticed an ettin
  9916 | Orc:1    | Killed an ettin
 10233 | Orc:1    | Noticed an orc sorcerer
 10235 | Orc:1    | Found a roughly hewn altar of Beogh.
 10235 | Orc:1    | Noticed an orc sorcerer
 10320 | Orc:1    | Gained mutation: You are robust. (+10% HP) [potion of
                  | mutation]
 10320 | Orc:1    | Lost mutation: You are robust. (+10% HP) [potion of
                  | mutation]
 10320 | Orc:1    | Gained mutation: You have sharp toenails. [potion of
                  | mutation]
 10320 | Orc:1    | Gained mutation: Your flesh is cold resistant. (rC+)
                  | [potion of mutation]
 10390 | Orc:1    | Killed an orc sorcerer
 10394 | Orc:1    | Noticed an orc knight
 10482 | Orc:1    | Killed an orc sorcerer
 10705 | Orc:2    | Entered Level 2 of the Orcish Mines
 10717 | Orc:2    | Found Bum Wausiule's Antique Weapon Emporium.
 10719 | Orc:2    | Noticed Urug
 10720 | Orc:2    | Noticed Rupert
 10791 | Orc:2    | Noticed an orc high priest
 10826 | Orc:1    | Noticed a sun demon
 10836 | D:10     | Gained mutation: Your spells are a little easier to cast,
                  | but a little less powerful. [a neqoxec]
 10875 | D:10     | Lost mutation: Your spells are a little easier to cast, but
                  | a little less powerful. [potion of mutation]
 10875 | D:10     | Gained mutation: You are clumsy. (Dex -2) [potion of
                  | mutation]
 10875 | D:10     | Gained mutation: Your skin changes colour to match your
                  | surroundings (Stealth+). [potion of mutation]
 10968 | D:10     | HP: 24/54 [orc high priest/divine providence (12)]
 11211 | D:11     | Reached skill level 10 in Dodging
 11457 | D:11     | Noticed a green ugly thing
 11493 | D:11     | Killed a green ugly thing
 11510 | D:11     | HP: 27/54 [poisoned by a green ugly thing]
 11515 | D:11     | HP: 27/54 [poisoned by a green ugly thing]
 11537 | D:11     | Noticed a two-headed ogre
 11578 | D:11     | Noticed Josephine
 11587 | D:11     | HP: 22/54 [Josephine/ghostly fireball (13)]
 11591 | D:11     | HP: 1/54 [Josephine/ghostly fireball (23)]
 11727 | D:11     | Noticed a two-headed ogre
 11736 | D:11     | HP: 25/54 [two-headed ogre/+0 giant club (15)]
 11737 | D:11     | HP: 9/54 [orc wizard/magic dart (8)]
 12003 | D:11     | Found a staircase to the Lair.
 12052 | Lair:1   | Entered Level 1 of the Lair of Beasts
 12078 | Lair:1   | Noticed an oklob plant
 12079 | Lair:1   | Noticed an oklob plant
 12080 | Lair:1   | Noticed an oklob plant
 12267 | Lair:1   | Reached XP level 12. HP: 58/58 MP: 25/25
 12347 | Lair:1   | Reached skill level 13 in Stealth
 12365 | Lair:1   | Noticed a five-headed hydra
 12413 | Lair:1   | Killed a five-headed hydra
 12910 | Lair:1   | Found a dark tunnel.
 12920 | Volcano  | Entered a volcano
 12999 | Volcano  | Found a burning altar of Makhleb.
 12999 | Volcano  | Noticed a centaur warrior
 13005 | Volcano  | Reached skill level 5 in Fighting
 13010 | Volcano  | Killed a centaur warrior
 13050 | Volcano  | Got a fine helmet
 13080 | Volcano  | Reached skill level 10 in Short Blades
 13094 | Volcano  | Reached skill level 10 in Hexes
 13879 | Lair:2   | Found a staircase to the Swamp.
 13960 | Lair:2   | Reached skill level 1 in Shields
 14222 | Lair:2   | Noticed a six-headed hydra
 14239 | Lair:2   | Killed a six-headed hydra
 14239 | Lair:2   | Reached skill level 1 in Charms
 14730 | Lair:3   | Noticed a five-headed hydra
 14742 | Lair:3   | Killed a five-headed hydra
 14742 | Lair:3   | Reached skill level 14 in Stealth
 14784 | Lair:3   | Noticed Prince Ribbit
 14841 | Lair:2   | Killed Prince Ribbit
 14907 | Lair:3   | Reached XP level 13. HP: 65/65 MP: 19/26
 15077 | Lair:3   | Got a pitted hand axe
 15078 | Lair:3   | Identified the +9 hand axe of Deformation {speed, *Corrode
                  | +Blink rC+++} (You found it on level 3 of the Lair of
                  | Beasts)
 15195 | Lair:3   | Reached ****** piety under Dithmenos
 16042 | Lair:4   | Reached skill level 10 in Invocations
 16071 | Lair:4   | HP: 31/65 [blink frog (10)]
 16452 | Lair:4   | Found a hole to the Spider Nest.
 17106 | Lair:6   | Entered Level 6 of the Lair of Beasts
 17182 | Swamp:1  | Entered Level 1 of the Swamp
 17396 | Swamp:1  | Noticed Roxanne
 17474 | Swamp:1  | Noticed a thorn hunter
 17598 | Swamp:2  | Reached skill level 15 in Stealth
 17682 | Swamp:2  | Reached skill level 5 in Translocations
 17890 | Swamp:2  | HP: 32/66 [spriggan rider/+0 spear (14)]
 18230 | Swamp:4  | Entered Level 4 of the Swamp
 18454 | Swamp:4  | HP: 28/66 [vampire mosquito (8)]
 18599 | Swamp:3  | HP: 30/66 [blink frog (16)]
 18782 | Swamp:4  | Reached XP level 14. HP: 70/70 MP: 23/27
 19101 | Swamp:4  | HP: 22/70 [six-headed hydra (17)]
 19106 | Swamp:4  | HP: 10/70 [six-headed hydra (13)]
 19382 | Swamp:4  | HP: 35/70 [spectral swamp drake[a ghost crab] (6)]
 19702 | Swamp:4  | HP: 28/70 [cyan ugly thing (14)]
 19973 | Swamp:4  | Reached skill level 5 in Shields
 19983 | Swamp:4  | Noticed a purple very ugly thing
 19983 | Swamp:4  | HP: 36/72 [thrashing horror (3)]
 19988 | Swamp:4  | Noticed a cyan very ugly thing
 19990 | Swamp:4  | Noticed a tentacled monstrosity
 20012 | Swamp:4  | Got a decaying rune of Zot
 20014 | Swamp:4  | HP: 32/72 [tentacled monstrosity (2)]
 20302 | Spider:1 | Entered Level 1 of the Spider Nest
 20333 | Spider:1 | Identified the +5 helmet of Failure {rN+ Dex+3} (You found
                  | it in a volcano)
 20760 | Spider:1 | HP: 33/72 [redback (8)]
 20761 | Spider:1 | HP: 14/72 [redback (3)]
 20944 | Spider:1 | Learned a level 2 spell: Blink
 20960 | Spider:1 | Noticed an emperor scorpion
 20969 | Spider:1 | Killed an emperor scorpion
 21132 | Spider:2 | Noticed Agnes
 21134 | Spider:2 | Noticed an entropy weaver
 21160 | Spider:2 | Killed an entropy weaver
 21246 | Spider:2 | Killed Agnes
 21246 | Spider:2 | Reached skill level 16 in Stealth
 21859 | Spider:2 | HP: 26/72 [disintegration (45)]
 22088 | Spider:2 | Noticed Asterion
 22133 | Spider:4 | Entered Level 4 of the Spider Nest
 22185 | Spider:4 | Noticed an emperor scorpion
 22202 | Spider:4 | HP: 30/72 [emperor scorpion (19)]
 22269 | Spider:4 | HP: 35/72 [wolf spider (4)]
 22422 | Spider:4 | Reached XP level 15. HP: 76/76 MP: 26/28
 22723 | Spider:4 | Reached skill level 17 in Stealth
 22895 | Spider:4 | Noticed a ghost moth
 23453 | Spider:4 | Got a gossamer rune of Zot
 23613 | Spider:2 | Noticed an Executioner
 23817 | D:12     | Reached skill level 18 in Stealth
 23954 | D:13     | Noticed Nessos
 23958 | D:13     | Killed Nessos
 24331 | D:15     | Entered Level 15 of the Dungeon
 24354 | D:15     | Found Satteot's Armour Boutique.
 24508 | D:15     | Paralysed by a chaos spawn for 6 turns
 24706 | D:15     | Found Daobagh's Antique Armour Emporium.
 24773 | D:15     | Found Jarevul's Gadget Shop.
 24797 | D:15     | Bought a box of beasts for 240 gold pieces
 24797 | D:15     | Bought a fan of gales for 480 gold pieces
 24967 | D:15     | Found Lusoot's Magic Scroll Boutique.
 24985 | D:15     | Bought a scroll of teleportation for 51 gold pieces
 24985 | D:15     | Bought a scroll of teleportation for 51 gold pieces
 24985 | D:15     | Bought a scroll of enchant armour for 127 gold pieces
 24985 | D:15     | Bought a scroll of summoning for 161 gold pieces
 25025 | D:15     | Got a warped dagger
 25026 | D:15     | Identified the +7 dagger "Osem" {pierce, Str+9 Dex+4} (You
                  | found it on level 15 of the Dungeon)
 25144 | D:15     | Found a snail-covered altar of Cheibriados.
 25270 | D:15     | Found a staircase to the Depths.
 25290 | D:15     | Reached skill level 19 in Stealth
 25427 | Depths:1 | Entered Level 1 of the Depths
 25441 | Depths:1 | Reached XP level 16. HP: 83/83 MP: 29/29
 25626 | Depths:2 | Found a shattered altar of Ashenzari.
 25709 | Depths:3 | You fall through a shaft for 2 floors!
 25709 | Depths:5 | Entered Level 5 of the Depths
 25906 | Depths:5 | Found a gateway to a ziggurat.
 25939 | Depths:5 | Found Neykax's Magic Scroll Shop.
 25951 | Depths:5 | Bought a scroll of fear for 73 gold pieces
 25951 | Depths:5 | Bought a scroll of blinking for 157 gold pieces
 25951 | Depths:5 | Bought a scroll of summoning for 199 gold pieces
 25971 | Depths:5 | Found a one-way gate leading to the halls of Pandemonium.
 25989 | Depths:5 | Noticed a shadow dragon
 25989 | Depths:5 | Noticed a bone dragon
 25990 | Depths:5 | Noticed a caustic shrike
 26020 | Depths:5 | HP: 39/84 [caustic shrike (24)]
 26262 | Depths:3 | HP: 27/84 [deep troll earth mage/blast of rock fragments
                  | (27)]
 26285 | Depths:3 | HP: 29/84 [ogre mage/+0 halberd (2)]
 26322 | Depths:3 | HP: 14/84 [stone giant/large rock (20)]
 26326 | Depths:3 | Shot with a bolt by a yaktaur

Skill      XL: |  1  2  3  4  5  6  7  8  9 10 11 12 13 14 15 16 |
---------------+-------------------------------------------------+-----
Spellcasting   | 3 5 6 7 8 |  8.1
Stealth        | 5 6 7 8 9 10 11 12 14 15 16 19 | 19.7
Short Blades   | 2 3 4 6 7 9 10 | 10.0
Hexes          | 4 5 6 7 8 9 10 11 | 11.0
Invocations    | 2 3 4 6 7 9 11 12 13 | 13.0
Dodging        | 5 7 8 10 11 13 | 13.5
Fighting       | 1 3 4 5 6 7 8 9 |  9.1
Evocations     | 4 6 |  6.3
Translocations | 4 6 |  6.0
Shields        | 2 4 6 7 |  7.2
Charms         | 1 4 |  4.0

Action                   |  1- 3 |  4- 6 |  7- 9 | 10-12 | 13-15 | 16-18 || total
-------------------------+-------+-------+-------+-------+-------+-------++-------
Melee: Dagger            |   102 |   123 |   424 |   514 |   687 |    23 ||  1873
       Kick              |       |       |       |    69 |   135 |     2 ||   206
 Cast: Ensorcelled Hiber |    11 |    36 |    89 |   139 |   303 |     4 ||   582
       Confuse           |       |     1 |    14 |    28 |    42 |       ||    85
       Tukima's Dance    |       |       |     5 |     4 |       |       ||     9
       Dazzling Spray    |       |       |       |       |    14 |       ||    14
       Blink             |       |       |       |       |     2 |     1 ||     3
       Confusing Touch   |       |       |       |       |     1 |     2 ||     3
Invok: Shadow Form       |       |       |       |       |     1 |     1 ||     2
 Abil: Evoke Flight      |       |       |       |       |     2 |       ||     2
Evoke: Fan of gales      |       |       |       |       |       |     1 ||     1
       Phial of floods   |       |       |       |       |       |     1 ||     1
  Use: Scroll            |       |     5 |     9 |     9 |    24 |     2 ||    49
       Potion            |       |       |       |     2 |     2 |     2 ||     6
 Stab: Sleeping          |    13 |    19 |    67 |   128 |   224 |    10 ||   461
       Confused          |       |     2 |     5 |    12 |    24 |     2 ||    45
       Distracted        |       |       |     1 |     6 |     9 |     1 ||    17
       Invisible         |       |       |       |       |     5 |       ||     5
       Held in net/web   |       |       |       |       |     9 |       ||     9
  Eat: Ration            |       |     2 |     1 |     4 |     6 |       ||    13
Armor: Robe              |    14 |     9 |       |     6 |    32 |     4 ||    65
       Troll leather arm |       |     9 |    59 |    28 |    39 |       ||   135
Dodge: Dodged            |    63 |   101 |   344 |   399 |   752 |    18 ||  1677
Block: Buckler           |       |       |       |       |   173 |    12 ||   185

Levels and vault maps discovered:
D:1:      minmay_arrival_arboretum_small, layout_rooms, hangedman_decor_push,
          minmay_pentomino_z2
D:2:      layout_loops_ring, nicolae_overflow_crystal_walls, first_ration,
          serial_forest, infiniplex_forest_clump_long, infiniplex_forest_end_1,
          infiniplex_forest_end_2, infiniplex_forest_straight_4,
          infiniplex_forest_corner_2
D:3:      layout_basic, nicolae_dithmenos_shadow_blocks, gup_sewer_entry_glass,
          uniq_grinder
D:4:      layout_rooms, kennysheep_ying_yang, uniq_crazy_yiuf_cottage
D:5:      layout_basic, minivault_25
D:6:      layout_rooms, hex_large, elyvilon_altar_3, uniq_pikel, uniq_edmund
D:7:      layout_gridville, grunt_temple_overflow_open, marbit_many_paths,
          minmay_temple_entry_statues_pillars, grunt_ogre_cave
D:8:      layout_loops_cross, serial_shops, shop, kennysheep_generic_room_3
D:9:      layout_cave_pods, trog_ov_bears_minmay, minitemple, uniq_erica
D:10:     layout_stronghold, orc_0_dummy, kennysheep_potato
D:11:     layout_loops_ring, david_lair_shrubbed, special_room
          [special_room_orc], uniq_josephine
D:12:     layout_rooms, ebering_ghost_disaster_area, lemuel_flame_loot_1
D:13:     layout_basic, uniq_nessos
D:14:     layout_basic, erik_vaults_2, hangedman_abyss_or_decor_lesser_grid
D:15:     grunt_enter_depths_magical_seal, layout_rooms, serial_shops,
          shop_coins, nicolae_shop_window_shopping, shop, shop_coins,
          hangedman_abyss_or_decor_stagger, cheibriados_altar_1
Lair:1:   layout_layer_cave, enter_volcano_2, infiniplex_staircase_pool,
          lemuel_fruit_fields, minmay_lair_oklob_chamber
Lair:2:   layout_cave_pods, swamp_mist
Lair:3:   statuecave_lemuel, layout_chaotic_city, grunt_megastairs_1,
          uniq_prince_ribbit2
Lair:4:   layout_regular_city, spider_nest_entry_funnel_web, grunt_megastairs_3
Lair:5:   layout_roguey
Lair:6:   evilmike_catoblepas_cave, layout_regular_city, slime_altar_1,
          ebering_ghost_rock_garden, serial_bayou_lake_a
Swamp:1:  layout_falls_marsh, hangedman_swamp_blocks, uniq_roxanne
Swamp:2:  layout_basic_swamp, evilmike_swamp_ruin_house_3,
          nicolae_swamp_feature_on_the_river_bank
Swamp:3:  layout_falls_marsh, evilmike_swamp_ruin_rubble_1, uniq_nikola,
          uniq_kirke
Swamp:4:  swamp_vile, layout_basic_swamp
Spider:1: layout_spider_delve, uniq_azrael
Spider:2: layout_chambers, uniq_arachne, uniq_agnes, uniq_asterion
Spider:3: layout_spider_delve, nicolae_spider_ant_collections
Spider:4: grunt_spider_rune_circles
Orc:1:    nicolae_orc_accident_1, layout_caves, basic_altar
Orc:2:    grunt_orc_gardens, layout_diamond_mine, grunt_orc_garden,
          grunt_orc_garden, grunt_orc_garden, grunt_orc_garden, uniq_saint_roka,
          uniq_rupert, uniq_urug
Depths:1: hangedman_cross_veins, layout_basic, grunt_hell_entry_dis_old,
          kennysheep_small_spiral, minmay_misc_feat_five, lemuel_old_faithful,
          serial_bayou_shore_b
Depths:2: minmay_the_grid_octo_2x2 [minmay_the_grid_octo_horde,
          minmay_the_grid_octo_chip, minmay_the_grid_octo_77,
          minmay_the_grid_octo_prize_big_c], layout_gridville, hell_entry,
          nicolae_ashenzari_panopticon, infiniplex_staircase_spiral
Depths:3: minmay_polygon_palace, layout_basic, rand_demon_pan_entry_4,
          abyss_entry, hell_entry, minmay_holes
Depths:4: minmay_tri_stars, layout_small_grid, hell_entry, abyss_entry,
          rand_demon_pan_entry_8, kennysheep_big_empty_room,
          infiniplex_staircase_pillars_3b
Depths:5: grunt_zot_entry_gee_three, layout_honeycomb, enter_ziggurat_f,
          serial_shops, shop, hell_entry, pan_entry,
          serial_sigils_hangedman_quiver
Sewer:    sewer_the_crocodile
Volcano:  volcano_lake [vl_original]
